 Dungeon Crawl Stone Soup version 0.32-a0-705-g60f233581c (webtiles) character file.

Game seed: 9307940374629596071

430 cforsyth the Firebug (level 6, -11/53 HPs)
             Began as a Mountain Dwarf Cinder Acolyte on Mar 15, 2024.
             Was a High Priest of Ignis.
             Mangled by a mummy (19 damage)
             ... in an ossuary.
             The game lasted 00:07:27 (4648 turns).

cforsyth the Firebug (MDCA)                         Turns: 4648, Time: 00:07:28

Health: -11/53     AC:  2    Str: 17    XL:     6   Next: 66%
Magic:  9/9        EV: 10    Int: 16    God:    Ignis [*****.]
Gold:   190        SH:  0    Dex:  5    Spells: 8/10 levels left

rFire   + . .        a - -1 hand axe (flame)
rCold   . . .        (no shield)
rNeg    . . .        b - +0 robe
rPois   .            (no helmet)
rElec   .            (no cloak)
rCorr   .            (no gloves)
SInv    .            (no boots)
Will    .....        (no amulet)
Stlth   +            (no ring)
HPRegen 0.28/turn    (no ring)
MPRegen 0.11/turn

%: no passive effects
@: no status effects
A: runic magic, artefact enchanting
a: Renounce Religion, Fiery Armour, Foxfire Swarm, Rising Flame


You were in an ossuary.
You worshipped Ignis.
Ignis was extremely pleased with you.
You visited 1 branch of the dungeon, and saw 4 of its levels.
You also visited: Ossuary.

You collected 190 gold pieces.


Innate Abilities, Weirdness & Mutations

Your spellcasting is much less encumbered by armour.
You can use scrolls of enchantment on lesser artefacts.


   Skills:
 + Level 4.7 Fighting
 + Level 5.2 Axes
 + Level 3.0 Armour
 + Level 2.6 Spellcasting
 + Level 5.2 Fire Magic


You had 8 spell levels left.
You knew the following spells:

 Your Spells              Type           Power      Damage    Failure   Level
X - Scorch                Fire           36%        2d6       3%          2

Your spell library contained the following spells:

 Spells                   Type           Power      Damage    Failure   Level
 Freeze                   Ice            8%         1d3       21%         1
 Magic Dart               Conj           8%         1d3       21%         1
 Slow                     Hex            8%         N/A       21%         1
 Sting                    Conj/Alch      8%         1d3       21%         1
 Blink                    Tloc           4%         N/A       30%         2
 Call Imp                 Summ           4%         N/A       30%         2
 Mercury Vapours          Alch/Air       4%         N/A       30%         2
 Confusing Touch          Hex            2%         N/A       52%         3
 Frozen Ramparts          Ice            4%         1d1       52%         3
 Hailstorm                Conj/Ice       2%         3d5       52%         3
 Vampiric Draining        Necr           2%         2d6       52%         3
 Olgreb's Toxic Radiance  Alch           2%         N/A       89%         4

Inventory:

Hand Weapons
 a - a -1 hand axe of flaming (weapon)
Armour
 b - a +0 robe (worn)
 o - a +0 kite shield
 r - a +0 pair of gloves
Jewellery
 m - an amulet of magic regeneration
 t - an amulet of reflection
 F - a ring of fire
Scrolls
 d - a scroll of amnesia {unknown}
 e - 2 scrolls of teleportation {unknown}
 g - 2 scrolls of poison {unknown}
 h - 2 scrolls of immolation {unknown}
 i - a scroll of enchant weapon {unknown}
 p - 4 scrolls of revelation {unknown}
 q - a scroll of torment {unknown}
 s - 2 scrolls of fear {unknown}
 v - a scroll of enchant armour {unknown}
Potions
 c - a potion of enlightenment
 f - 6 potions of curing {@q1}
 k - 2 potions of brilliance
 l - 3 potions of attraction
 n - 2 potions of resistance
 u - a potion of invisibility {unknown}

Dungeon Overview and Level Annotations

Branches:
Dungeon (4/15)            Ossuary (1/1)
 Temple: D:4-7

Altars:

Shops:
D:4

* ▒▒..▒▒..▒▒ ▒▒..▒▒▒▒..▒▒
▒▒..▒▒▒▒▒▒..▒▒
▒▒..▒▒...^▒▒..▒▒
▒▒..▒▒..▒▒..▒▒..▒▒
▒▒..▒▒..▒▒▒▒..▒▒.^▒▒
▒▒..▒▒..▒▒▒▒▒▒..▒▒..▒▒
▒▒..▒▒..▒▒....▒▒..▒▒..▒▒
▒▒..▒▒..▒▒M@▒▒..▒▒..▒▒..▒▒
▒▒..▒▒..▒▒..▒▒▒▒..▒▒..▒▒..▒▒
▒▒..▒▒..▒▒..▒ ▒▒..▒▒..▒▒..▒▒
▒▒..▒▒..▒▒..▒ ▒▒..▒▒..▒▒..▒
▒▒..▒▒..▒▒..▒ ▒▒..▒▒..▒▒..
▒▒..▒▒..▒▒.^▒ ▒▒..▒▒..▒▒.
▒..▒▒..▒▒..▒ ▒▒..▒▒..▒▒
..▒▒..▒▒ .▒ ▒▒..▒▒..▒
.▒▒..▒▒ ▒▒..▒▒..


You could see a mummy.


Message History

You are too injured to fight recklessly!
You are too injured to fight recklessly!
You are too injured to fight recklessly!
You are too injured to fight recklessly!
You hit the mummy but do no damage.
The mummy is heavily damaged.
You hit the mummy. You burn the mummy.
Unknown command.
Unknown command.
You hit the mummy. You burn the mummy.
The mummy is severely damaged.
You hit the mummy. You burn the mummy. The mummy barely misses you.
The mummy hits you.
* * * LOW HITPOINT WARNING * * *
Unknown command.
Unknown command.
You hit the mummy but do no damage.
The mummy is almost destroyed.
You hit the mummy. You burn the mummy. The mummy closely misses you.
Unknown command.
You hit the mummy. You burn the mummy.
You destroy the mummy!
You hit the mummy. You burn the mummy. The mummy hits you!
* * * LOW HITPOINT WARNING * * *
Unknown command.
You hit the mummy but do no damage.
The mummy is almost destroyed.
The mummy hits you!!
You die...
Ignis goes out, and joins you in death.

Skill      XL: |  1  2  3  4  5  6 |
---------------+-------------------+-----
Armour         | 1 2 3 |  3.0
Fire Magic     | 4 5 |  5.2
Axes           | 4 5 |  5.2
Fighting       | 4 |  4.7
Spellcasting   | 2 |  2.6

Action                     |  1- 3 |  4- 6 || total
---------------------------+-------+-------++-------
  Melee: Hand axe          |   146 |   160 ||   306
   Cast: Scorch            |     6 |    56 ||    62
    Use: Scroll            |       |     5 ||     5
 Armour: Robe              |   110 |    91 ||   201
  Dodge: Dodged            |   112 |    94 ||   206

Levels and vault maps discovered:
D:1:      saegor_arrival_under_anarchy, layout_basic, minmay_tall_x
D:2:      layout_rooms, uniq_terence, uniq_sigmund
D:3:      minmay_chambers_of_threes, layout_basic
D:4:      layout_cave_pools, lemuel_round_altar, nicolae_ossuary_entry_ruins,
          nicolae_shop_gadgets
Ossuary:  ossuary_due_pyramid

Notes
Turn   | Place    | Note
-------+----------+-------------------------------------------
     0 | D:1      | cforsyth the Mountain Dwarf Cinder Acolyte began the quest
                  | for the Orb.
     0 | D:1      | Reached XP level 1. HP: 19/19 MP: 2/2
   104 | D:1      | Reached XP level 2. HP: 14/26 MP: 3/3
   348 | D:1      | Reached skill level 1 in Armour
   406 | D:1      | Reached skill level 4 in Fire Magic
   407 | D:1      | Reached XP level 3. HP: 22/31 MP: 3/5
   410 | D:1      | Reached skill level 4 in Axes
  1160 | D:2      | Noticed Sigmund
  1176 | D:1      | Learned a level 2 spell: Scorch
  1271 | D:2      | Killed Sigmund
  1272 | D:2      | Reached skill level 4 in Fighting
  1272 | D:2      | Reached skill level 2 in Armour
  1272 | D:2      | Reached skill level 2 in Spellcasting
  1272 | D:2      | Reached XP level 4. HP: 41/41 MP: 1/7
  1272 | D:2      | Reached XP level 5. HP: 47/47 MP: 1/8
  1587 | D:2      | Noticed Terence
  1592 | D:2      | Killed Terence
  1593 | D:2      | Reached XP level 6. HP: 53/53 MP: 0/9
  2383 | D:3      | Identified the +3 dagger of Ethrafryl {flame, Str+5}
  2531 | D:3      | Reached skill level 5 in Axes
  2592 | D:3      | Reached skill level 5 in Fire Magic
  3408 | D:4      | Identified 2 potions of resistance
  3470 | D:4      | Found Cuvvaist's Gadget Gallery.
  3543 | D:4      | Found a sand-covered staircase.
  3581 | Ossuary  | Entered an ossuary
  4585 | Ossuary  | Reached skill level 3 in Armour
  4648 | Ossuary  | Mangled by a mummy

Vanquished Creatures
  Sigmund (D:2)
  Terence (D:2)
  An orc wizard (D:3)
  2 mummies (Ossuary)
  4 adders
  2 dart slugs
  3 ribbon worms
  3 orcs (D:3)
  8 endoplasms
  3 giant cockroaches
  8 gnoll zombies (Ossuary)
  9 goblins
  8 hobgoblins
  15 jackals
  2 quokkas (D:1)
  7 ball pythons
  5 bats
  6 frilled lizards
  3 gnoll skeletons (Ossuary)
  5 goblin skeletons (Ossuary)
  2 goblin zombies (Ossuary)
  2 hobgoblin skeletons (Ossuary)
  2 hobgoblin zombies (Ossuary)
  9 kobolds
  3 kobold skeletons (Ossuary)
  4 kobold zombies (Ossuary)
  5 orc skeletons (Ossuary)
  2 orc zombies (Ossuary)
  9 rats
  3 rat skeletons (Ossuary)
  4 rat zombies (Ossuary)
141 creatures vanquished.

Table legend: (Time is in decaauts)
 A = Elapsed time spent in this place.
 B = Non-inter-level travel time spent in this place.
 C = Inter-level travel time spent in this place.
 D = Time resting spent in this place.
 E = Time spent auto-exploring this place.
 F = Levels seen in this place.
 G = Mean time per level.
                   A        B        C        D        E       F      G
               +--------+--------+--------+--------+--------+-----+--------+
         Total |   4673 |   4604 |     69 |    439 |   3009 |   5 |  934.6 |
       Dungeon |   3601 |   3532 |     69 |    186 |   2637 |   4 |  900.2 |
       Ossuary |   1072 |   1072 |      0 |    253 |    372 |   1 | 1072.0 |
               +--------+--------+--------+--------+--------+-----+--------+

Top non-repeatable levels by time:
     D:1: 1308 daAuts
     D:3: 1230 daAuts
 Ossuary: 1072 daAuts
     D:2: 885 daAuts
     D:4: 176 daAuts

Table legend:
 A = Non-vault XP
 B = Vault XP
 C = Vault XP percentage of total XP
 D = Non-vault monster count
 E = Vault monster count
 F = Vault count percentage of total count
                 A         B        C        D         E       F
            +---------+---------+-------+---------+---------+-------
      Total |     209 |     406 |  66.0 |      78 |      63 |  44.7
            +---------+---------+-------+---------+---------+-------
        D:1 |      69 |       9 |  11.5 |      42 |       4 |   8.7
        D:2 |      35 |     283 |  89.0 |      13 |       3 |  18.8
        D:3 |      95 |      29 |  23.4 |      18 |      11 |  37.9
        D:4 |      10 |       0 |   0.0 |       5 |       0 |   0.0
    Ossuary |       0 |      85 | 100.0 |       0 |      45 | 100.0
            +---------+---------+-------+---------+---------+-------
